 Dungeon Crawl Stone Soup version 0.19.1 (webtiles) character file.

95 stigmas the Insei (level 4, -12/33 HPs)
             Began as a Demonspawn Transmuter on Nov 25, 2016.
             Mangled by an ogre
             ... wielding a +0 giant spiked club
              (25 damage)
             ... on level 3 of the Dungeon.
             The game lasted 00:04:11 (2747 turns).

stigmas the Insei (Demonspawn Transmuter)           Turns: 2747, Time: 00:04:12

Health: -12/33     AC:  8    Str: 11    XL:     4   Next: 40%
Magic:  6/7        EV:  7    Int: 15    God:
Gold:   136        SH:  0    Dex: 13    Spells: 1 memorised, 7 levels left

rFire  . . .     SeeInvis .       - Unarmed
rCold  . . .     Gourm    .     g - +0 chain mail
rNeg   . . .     Faith    .     (no shield)
rPois  .         Spirit   .     (no helmet)
rElec  .         Reflect  .     (no cloak)
rCorr  .         Harm     +     (no gloves)
MR     .....                    (no boots)
Stlth  ..........               e - amulet of harm
                                (no ring)
                                (no ring)

@: very slightly contaminated
A: hooves 1, repulsion field 1
a: no special abilities


You were on level 3 of the Dungeon.
You were not hungry.

You visited 1 branch of the dungeon, and saw 3 of its levels.

You collected 136 gold pieces.

Inventory:

Missiles
 a - 35 arrows
Armour
 b - a +0 robe
 g - a +0 chain mail (worn)
Jewellery
 e - an amulet of harm (around neck)
Scrolls
 f - 4 scrolls of identify {unknown}
 j - a scroll of recharging {unknown}
 k - 3 scrolls of amnesia {unknown}
 l - a scroll of enchant armour {unknown}
 o - a scroll of random uselessness {unknown}
 q - a scroll of noise {unknown}
Potions
 m - a potion of curing
 n - a potion of brilliance
Books
 c - a book of Changes

   Spells                             Type                      Level
   a - Beastly Appendage              Transmutation                1
   b - Sticks to Snakes               Transmutation                2
   c - Spider Form                    Transmutation/Poison         3
   d - Ice Form                       Ice/Transmutation            4
   e - Blade Hands                    Transmutation                5
Comestibles
 d - 2 bread rations
 h - a chunk of flesh
 p - a meat ration


   Skills:
 * Level 1.9 Fighting
 + Level 0.3 Armour
 + Level 1.9 Dodging
 * Level 3.6 Unarmed Combat
 * Level 2.5 Spellcasting
 * Level 2.3 Transmutations


You had 7 spell levels left.
You knew the following spells:

 Your Spells              Type           Power        Failure   Level  Hunger
a - Beastly Appendage     Tmut           #.....       100%        1    #......


Dungeon Overview and Level Annotations

Branches:
Dungeon (3/15)

Altars:
Dithmenos


Innate Abilities, Weirdness & Mutations

You have large cloven feet.
You are surrounded by a mild repulsion field. (EV +2)


Message History

The ogre completely misses you.
You hit the ogre. Your kick misses the ogre.
The ogre is lightly wounded.
Your chain mail prevents you from hitting the ogre.
The ogre is lightly wounded.
The ogre barely misses you.
You barely miss the ogre.
The ogre is lightly wounded.
The ogre barely misses you.
Your chain mail prevents you from hitting the ogre.
The ogre is lightly wounded.
You closely miss the ogre. Your kick misses the ogre.
The ogre is lightly wounded.
The ogre hits you with a giant spiked club!
Ouch! That really hurt!
You hit the ogre. You kick the ogre, but do no damage.
The ogre is moderately wounded.
The ogre hits you with a giant spiked club!!
Ouch! That really hurt!
You die...

....... ..#.. .....
....####### # #.#....[..>
#. #.#.# #. #.#S#
#..#.#O# #..#.#@# .
#......# ..
##.##.#.####### ..
.....<........# #######..
##.##.#..####.# #........
#.......#.####........
.....#.#.#...............
####.#.#..)>.............
. #.####...........<..


You could see an ogre and a ball python.

Vanquished Creatures
  A hound skeleton (D:3)
  An adder (D:2)
  3 worms (D:2)
  3 dart slugs
  5 bats
  A giant cockroach (D:1)
  13 goblins
  9 hobgoblins
  3 jackals (D:2)
  A ball python (D:1)
  A frilled lizard (D:2)
  7 kobolds
  7 rats
55 creatures vanquished.

Notes
Turn   | Place    | Note
-------+----------+-------------------------------------------
     0 | D:1      | stigmas the Demonspawn Transmuter began the quest for the Orb.
     0 | D:1      | Reached XP level 1. HP: 15/15 MP: 3/3
   156 | D:1      | Reached skill level 3 in Unarmed Combat
   173 | D:1      | Gained mutation: You have large cloven feet. [demonic ancestry]
   173 | D:1      | Reached XP level 2. HP: 17/21 MP: 5/5
   267 | D:1      | HP: 1/21 [hobgoblin (2)]
  1409 | D:2      | Gained mutation: You are surrounded by a mild repulsion field. (EV +2) [demonic ancestry]
  1409 | D:2      | Reached XP level 3. HP: 20/27 MP: 6/6
  1977 | D:2      | Found a shadowy altar of Dithmenos.
  2129 | D:2      | Reached XP level 4. HP: 33/33 MP: 7/7
  2730 | D:3      | Noticed an ogre
  2747 | D:3      | Mangled by an ogre

Skill      XL: |  1  2 |
---------------+-------+-----
Unarmed Combat | 3 |  3.6
Transmutations | 2 |  2.3
Fighting       | |  1.9
Armour         | |  0.3
Dodging        | |  1.9
Spellcasting   | |  2.5

Action                   |  1- 3 |  4- 6 || total
-------------------------+-------+-------++-------
Melee: Unarmed           |   227 |    51 ||   278
       Kick              |    40 |    15 ||    55
       Punch             |     1 |     1 ||     2
  Use: Potion            |       |     5 ||     5
  Eat: Chunk             |     4 |     2 ||     6
Armor: Chain mail        |   267 |    16 ||   283
       Robe              |     1 |       ||     1
       Skin              |       |     1 ||     1
Dodge: Dodged            |    85 |    14 ||    99
